 Dungeon Crawl Stone Soup version 0.26.0-45-g9c1d065592 (webtiles) character file.

Game seed: 10861759257042947284

179 BOMJPIETVODKU the Skirmisher (level 5, 0/42 HPs)
             Began as a Demonspawn Fighter on Jan 28, 2021.
             Slain by Grinder (2 damage)
             ... on level 3 of the Dungeon.
             The game lasted 00:05:55 (2658 turns).

BOMJPIETVODKU the Skirmisher (Demonspawn Fighter)   Turns: 2658, Time: 00:05:55

Health: 0/42       AC: 10    Str: 17    XL:     5   Next: 33%
Magic:  5/5        EV:  7    Int:  9    God:
Gold:   170        SH:  9    Dex: 13    Spells: 4/4 levels left

rFire    + . .     SeeInvis .   a - +0 long sword
rCold    . . .     Faith    .   c - +0 kite shield
rNeg     . . .     Spirit   .   b - +0 scale mail
rPois    .         Reflect  .   i - +1 hat
rElec    .         Harm     .   l - +0 cloak
rCorr    .         Rampage  .   (no gloves)
Will     +....                  (no boots)
Stlth    ..........             (no amulet)
HPRegen  0.14/turn              j - ring of willpower
MPRegen  0.09/turn              (no ring)

@: mighty
A: iridescent scales 1, fire resistance 1
a: no special abilities


You were on level 3 of the Dungeon.
You visited 1 branch of the dungeon, and saw 3 of its levels.

You collected 170 gold pieces.

Inventory:

Hand Weapons
 a - a +0 long sword (weapon)
Armour
 b - a +0 scale mail (worn)
 c - a +0 kite shield (worn)
 i - a +1 hat (worn)
 l - a +0 cloak (worn)
Jewellery
 j - a ring of willpower (left hand)
 k - an uncursed amulet of faith
 r - an uncursed ring of willpower
Scrolls
 e - 2 scrolls of teleportation {unknown}
 f - 4 scrolls of remove curse {unknown}
 g - 5 scrolls of identify {unknown}
 h - a scroll of immolation {unknown}
 m - a scroll of amnesia {unknown}
 n - 3 scrolls of enchant armour {unknown}
 o - a scroll of magic mapping {unknown}
Potions
 d - 2 potions of might
 p - a potion of magic {unknown}
 q - a potion of curing {unknown}
 s - a potion of heal wounds {unknown}


   Skills:
 * Level 3.8 Fighting
 * Level 3.4 Long Blades
 + Level 3.0 Armour
 * Level 1.4 Dodging
 + Level 3.2 Shields


You had 4 spell levels left.
You didn't know any spells.
Your spell library was empty.

Dungeon Overview and Level Annotations

Branches:
Dungeon (3/15)

Altars:
Fedhas
Ru
Uskayaw

Annotations:
D:3 Grinder


Innate Abilities, Weirdness & Mutations

You are partially covered in iridescent scales. (AC +2)
Your flesh is heat resistant. (rF+)


Message History

Pain shoots through your body!
You hit Grinder but do no damage.
Grinder is moderately wounded.
Grinder hits you.
You writhe in agony.
You barely miss Grinder.
Grinder is moderately wounded.
Grinder hits you.
* * * LOW HITPOINT WARNING * * *
You writhe in agony.
* * * LOW HITPOINT WARNING * * *
You closely miss Grinder.
Grinder is moderately wounded.
Grinder hits you but does no damage. x2
Unknown command.
You feel very mighty all of a sudden. You block Grinder's attack.
You slash Grinder!
Grinder is heavily wounded.
Grinder hits you.
You die...

#####........†<###
#.........[.#....#
#.######....#.##+#
#.#.......##......
#.#.#.....# ......
#.#.#.....# ......
#.#.#.....##......
#.#.##+#..........
#@#....#.##†......
#5#..#.#.......#+#
#.#....#.......#
#.##.....<.....#
#.(............#
######.#.......#
#.######..#
#.......(...
############


You could see Grinder.

Vanquished Creatures
  A bullfrog (D:3)
  Terence (D:3)
  2 adders
  2 dart slugs (D:1)
  2 worms
  A leopard gecko (D:2)
  An orc (D:3)
  9 bats
  3 giant cockroaches
  5 goblins
  10 hobgoblins
  4 jackals (D:2)
  7 kobolds
  2 quokkas (D:2)
  6 frilled lizards
  6 rats (D:1)
62 creatures vanquished.

Vanquished Creatures (others)
  A plant (D:1)
1 creature vanquished.

Grand Total: 63 creatures vanquished

Notes
Turn   | Place    | Note
-------+----------+-------------------------------------------
     0 | D:1      | BOMJPIETVODKU the Demonspawn Fighter began the quest for
                  | the Orb.
     0 | D:1      | Reached XP level 1. HP: 18/18 MP: 1/1
   250 | D:1      | Gained mutation: Your flesh is heat resistant. (rF+)
                  | [demonic ancestry]
   250 | D:1      | Reached XP level 2. HP: 19/24 MP: 2/2
  1286 | D:2      | Reached XP level 3. HP: 29/29 MP: 3/3
  1626 | D:2      | Reached skill level 1 in Dodging
  1852 | D:2      | Found a blossoming altar of Fedhas.
  1857 | D:2      | Reached XP level 4. HP: 32/35 MP: 4/4
  2041 | D:2      | Found a sacrificial altar of Ru.
  2041 | D:2      | Found a hide-covered altar of Uskayaw.
  2360 | D:3      | Noticed a bullfrog
  2370 | D:3      | Killed a bullfrog
  2371 | D:3      | Gained mutation: You are partially covered in iridescent
                  | scales. (AC +2) [demonic ancestry]
  2371 | D:3      | Reached XP level 5. HP: 35/42 MP: 5/5
  2536 | D:3      | Noticed Terence
  2554 | D:3      | Killed Terence
  2639 | D:3      | Noticed Grinder
  2655 | D:3      | HP: 1/42 [Grinder (6)]
  2658 | D:3      | Slain by Grinder

Illustrated notes

Levels and vault maps discovered:
D:1:      tarquinn_simple_flora_water_f, layout_loops_corners,
          hangedman_decor_clover_reticule, amethyst_killhole, nrook_campfire,
          amcnicky_mini_rare_corridor_liquid, grunt_decor_clamped,
          serial_bayou_pond_b, serial_park_tiny_2, minmay_misc_feat_pillars
D:2:      layout_loops_ring, gammafunk_temple_overflow_wave, fedhas_altar_4,
          kennysheep_boxes
D:3:      layout_basic, uniq_terence, uniq_grinder

Skill      XL: |  1  2  3  4 |
---------------+-------------+-----
Long Blades    | 2 3 |  3.4
Shields        | 3 |  3.2
Dodging        | 1 |  1.4
Armour         | 3 |  3.0
Fighting       | |  3.8

Action                   |  1- 3 |  4- 6 || total
-------------------------+-------+-------++-------
Melee: Long sword        |   149 |    69 ||   218
  Use: Potion            |       |     1 ||     1
Armor: Scale mail        |   106 |    31 ||   137
Dodge: Dodged            |    61 |    19 ||    80
Block: Kite shield       |    85 |    31 ||   116
       Rpst.: Long sword |    22 |     8 ||    30
